 Dungeon Sprint DCSS version 0.31-a0-983-g7b6862f502 (webtiles) character file.

Game seed: 591207419055983336

3 rocky1 the Covered (level 1, -1/20 HPs)
             Began as an Armataur Fighter on Nov 3, 2023.
             Was an Initiate of Gozag.
             Succumbed to an adder's poison
             ... in the Dungeon (Sprint VII: "The Pits").
             The game lasted 00:00:32 (111 turns).

rocky1 the Covered (Armataur Fighter)                Turns: 111, Time: 00:00:32

Health: -1/20      AC:  7    Str: 21    XL:     1   Next: 41%
Magic:  1/1        EV:  7    Int:  8    God:    Gozag
Gold:   108        SH:  4    Dex:  9    Spells: 0/0 levels left

rFire   . . .        a - +0 war axe
rCold   . . .        c - +0 buckler
rNeg    . . .        b - +0 scale mail
rPois   .            (no helmet)
rElec   .            (no cloak)
rCorr   .            (no gloves)
SInv    .            (no barding)
Will    .....        (no amulet) Stlth
                     (no ring)
HPRegen 0.23/turn    (no ring)
MPRegen 0.07/turn

%: no teleportation, roll
@: lethally poisoned (-1 -> -5)
A: large, rugged brown scales 3, deformed body, armoured tail, roll, long
tongue, awkward tongue
a: Renounce Religion, Potion Petition, Call Merchant, Bribe Branch


You were in the Dungeon.
You worshipped Gozag.
Gozag was aware of your devotion.
You visited 1 branch You collected 108 gold pieces.

Inventory:

Hand Weapons
 a - a +0 war axe (weapon)
Armour
 b - a +0 scale mail (worn)
 c - a +0 buckler (worn)
Scrolls
 j - a scroll of blinking
 l - 2 scrolls of vulnerability
 m - 5 scrolls of amnesia
 n - a scroll of butterflies
Potions
 d - a potion of might
 e - a potion of curing
 f - a potion of heal wounds
 g - a potion of haste
 h - 4 potions of magic
 i - 3 potions of berserk rage
 k - 2 potions of invisibility


   Skills:
 + Level 3.0 Fighting
 * Level 1.7 Axes
 + Level 4.2 Armour
 + Level 3.7 Shields


You couldn't memorise any spells.
You didn't know any spells.
Your spell library was empty.

Dungeon Overview and Level Annotations

Branches:
Dungeon (1/1)

Altars:
Ashenzari
Cheibriados
Dithmenos
Elyvilon
Fedhas
Gozag
Hepliaklqana
Kikubaaqudgha
Makhleb
Nemelex Xobeh
Okawaru
Qazlal
Ru
Sif Muna
Trog
Uskayaw
Vehumet
Wu Jian
Xom
Yredelemnul
Zin
The Shining One
Jiyva
Lugonu


Innate Abilities, Weirdness & Mutations

You are completely covered in rugged brown scales. (AC +3, +7% HP)
Armour fits poorly on your strangely shaped body.
You have a long armoured tail.
You roll when moving toward enemies. (Rampage)
Your long tongue fully drains potion bottles. (2x potion effects)
Your tongue gives you trouble enunciating. (1.5x scroll delay)


Message History

The adder closely misses you. The adder bites you.
You closely miss the adder.
Your tail-slap misses the adder.
The adder is almost dead.
The adder barely misses you.
You closely miss the adder.
The adder is almost dead.
The adder completely misses you. You block the adder's attack.
You barely miss the adder.
Your tail-slap misses the adder.
The adder is almost dead.
The adder bites you but does no damage. x2
You barely miss the adder.
The adder is almost dead.
The adder bites you but does no damage. x2
You miss the adder.
The adder is almost dead.
The adder bites you but does no damage. The adder closely misses you.
You closely miss the adder.
Your tail-slap misses the adder.
The adder is almost dead.
The adder bites you but does no damage. The adder bites you.
You barely miss the adder.
The adder is almost dead.
The adder bites you.
* * * LOW HITPOINT WARNING * * *
You are poisoned.
The adder poisons you!
You closely miss the adder.
Your tail-slap misses the adder.
The adder is almost dead.
You feel sick. The adder bites you.
* * * LOW HITPOINT WARNING * * *
You are lethally poisoned!
The adder poisons you! The adder closely misses you.
You hit the adder.
The adder is almost dead.
* * * LOW HITPOINT WARNING * * *
You feel sick. The adder bites you but does no damage.
You block the adder's attack.
You miss the adder.
The adder is almost dead.
You die...
Your body crumbles into a pile of gold.

#_________.#
#_______...###########+
##########'##..........
#..(.')))'.##......#..#
##########.##..........
#..........†'..........
#+#####'#####......#..#
#..#..# #..........
#.rS@.# ####'#####+
#..#### #.......# #.
#.......# # #.......#
#...<...# #.......#
#.......# #.......#
#########


You could see an adder and a river rat.

Vanquished Creatures
  An endoplasm (D)
  A quokka (D)
  A frilled lizard (D)
3 creatures vanquished.

Notes
Turn   | Place    | Note
-------+----------+-------------------------------------------
     0 | D        | rocky1 the Armataur Fighter began the quest for the Orb.
     0 | D        | Reached XP level 1. HP: 19/19 MP: 1/1
    23 | D        | Found a bloodstained altar of Trog.
    23 | D        | Found a shimmering blue altar of Sif Muna.
    23 | D        | Found a viscous altar of Jiyva.
    23 | D        | Found a hazy altar of Hepliaklqana.
    23 | D        | Found an opulent altar of Gozag.
    24 | D        | Found a glowing golden altar of the Shining One.
    24 | D        | Found a glowing silver altar of Zin.
    24 | D        | Found a basalt altar of Yredelemnul.
    24 | D        | Found a shimmering altar of Xom.
    24 | D        | Found an ornate altar of the Wu Jian Council.
    24 | D        | Found a sacrificial altar of Ru.
    24 | D        | Found a stormy altar of Qazlal.
    24 | D        | Found an iron altar of Okawaru.
    24 | D        | Found a sparkling altar of Nemelex Xobeh.
    24 | D        | Found a burning altar of Makhleb.
    24 | D        | Found a blossoming altar of Fedhas.
    24 | D        | Found a white marble altar of Elyvilon.
    24 | D        | Found a shadowy altar of Dithmenos.
    24 | D        | Found a snail-covered altar of Cheibriados.
    27 | D        | Found a corrupted altar of Lugonu.
    27 | D        | Found a radiant altar of Vehumet.
    28 | D        | Found an ancient bone altar of Kikubaaqudgha.
    28 | D        | Found a hide-covered altar of Uskayaw.
    28 | D        | Found a broken altar of Ashenzari.
    45 | D        | Became a worshipper of Gozag Ym Sagoz the Greedy
    87 | D        | Reached skill level 4 in Armour
   110 | D        | HP: 1/20 [poisoned by an adder]
   111 | D        | Succumbed to an adder's poison

Illustrated notes

Levels and vault maps discovered:
D:        pitsprint [storerooms_1, entrance_room_1, metal_vault_6, armoury_1,
          mini_pit_1, grid_room_1, main_hall_1, silver_pit, the_coven_3,
          the_vestibule_1, steel_vault_1, golden_pit, hallway_of_sentries,
          crystal_vault_4, iron_vault_5, final_vault]

Skill      XL: |  1 |
---------------+----+-----
Armour         | 4 |  4.2
Fighting       | 3 |  3.0
Axes           | |  1.7
Shields        | |  3.7

Action                     || total
---------------------------++-------
  Melee: War axe           ||    35
         Tailslap          ||     2
 Armour: Scale mail        ||    34
  Dodge: Dodged            ||    12
  Block: Buckler           ||     9

Table legend: (Time is in decaauts)
 A = Elapsed time spent in this place.
 B = Non-inter-level travel time spent in this place.
 C = Inter-level travel time spent in this place.
 D = Time resting spent in this place.
 E = Time spent auto-exploring this place.
 F = Levels seen in this place.
 G = Mean time per level.
                   A        B        C        D        E       F      G
               +--------+--------+--------+--------+--------+-----+--------+
         Total |    126 |    126 |      0 |      0 |      0 |   1 |  126.0 |
       Dungeon |    126 |    126 |      0 |      0 |      0 |   1 |  126.0 |
               +--------+--------+--------+--------+--------+-----+--------+

Top non-repeatable levels by time:
       D: 126 daAuts
